[Event "Turkish Youth Championships 2023"]
[Site "Samsun"]
[Date "2023.05.22"]
[Round "5.9"]
[White "Dogan, Umut Anil"]
[Black "Atis, Hasan"]
[Result "1/2-1/2"]
[WhiteElo "1857"]
[BlackElo "1890"]
[Annotator "COMBH"]
[PlyCount "200"]
[EventDate "2023.05.19"]
[EventType "swiss"]
[EventCountry "TUR"]
[TimeControl "5400+30"]

1. d4 d5 2. Nf3 Nf6 3. Bf4 e6 4. e3 Bd6 5. Nbd2 O-O 6. Bd3 c5 7. c3 b6 8. Ne5 Bb7 9. Qf3 Qc7 10. Qh3 g6 11. Bh6 Re8 12. f4 cxd4 13. exd4 Ne4 14. Nxe4 dxe4 15. Bb5 Nc6 16. O-O a6 17. Bxc6 Bxc6 18. Ng4 Be7 19. Bg5 f5 20. Nf6+ Bxf6 21. Bxf6 Bd5 22. Qh6 Ra7 23. Rae1 Qf7 24. Be5 Qf8 25. Qh4 h5 26. Re3 Kh7 27. Rg3 Qf7 28. Rg5 Rg8 29. h3 Bc6 30. Kh2 Be8 31. g4 Qf8 32. Rg1 fxg4 33. hxg4 Rf7 34. gxh5 Qh6 35. hxg6+ Rxg6 36. Rh5 Qxh5 37. Qxh5+ Rh6 38. Qxh6+ Kxh6 39. Kg3 Rf5 40. c4 Bc6 41. Rd1 Rh5 42. d5 exd5 43. cxd5 Bd7 44. d6 Kg6 45. Rg1 Kf5 46. Re1 Rh6 47. Re2 Rg6+ 48. Kf2 Ke6 49. Rxe4 Bc6 50. Re2 Rg2+ 51. Ke3 Rxe2+ 52. Kxe2 Kd5 53. Kd3 Bb5+ 54. Kc3 Bd7 55. Kd3 Bg4 56. Ke3 b5 57. Kf2 Bd7 58. Kg3 a5 59. Kh4 Ke6 60. Kg5 Kf7 61. f5 Bc6 62. Bd4 a4 63. Kf4 Bd7 64. Ke5 Bc8 65. Kd5 Bxf5 66. Kc6 Ke8 67. Kxb5 Bd7+ 68. Kc5 Kd8 69. Kb4 Kc8 70. Ka3 Kb7 71. Be5 Ka6 72. Kb4 Kb6 73. Bd4+ Kb7 74. Be5 Kb6 75. Bd4+ Kb7 76. Kc5 Be6 77. Be5 Bd7 78. Kd5 Kb6 79. Bd4+ Kb5 80. Ke5 Kc6 81. Bc3 Bh3 82. Bb4 Bg4 83. Kd4 Be6 84. a3 Bg4 85. Kc3 Be6 86. Kd3 Bf5+ 87. Kd4 Be6 88. Ke5 Bg4 89. Bd2 Bh3 90. Bf4 Bg4 91. Ke4 Be6 92. Kd4 Bg4 93. Kc4 Be6+ 94. Kb4 Bb3 95. Bh2 Bd1 96. Ka5 Bb3 97. Ka6 Bc4+ 98. Ka7 Bb3 99. Kb8 Be6 100. Bg3 Bg4 1/2-1/2

[Event "Turkish Youth Championships 2023"]
[Site "Samsun"]
[Date "2023.05.22"]
[Round "5.10"]
[White "Cilek, Bora"]
[Black "Koyuncu, Omer Arda"]
[Result "1-0"]
[WhiteElo "2285"]
[BlackElo "1694"]
[Annotator "RC"]
[PlyCount "63"]
[EventDate "2023.05.19"]
[EventType "swiss"]
[EventCountry "TUR"]
[TimeControl "5400+30"]
[BlackClock "0:07:24"]

1. Nf3 Nf6 2. g3 g6 3. Bg2 Bg7 4. d4 c6 5. O-O O-O 6. c4 d5 7. cxd5 cxd5 8. Nc3 Ne4 9. e3 Nxc3 10. bxc3 Nc6 11. Nd2 Be6 12. Qa4 Rc8 13. Ba3 Qd7 14. Rfc1 Bh3 15. Bxh3 Qxh3 16. Rab1 Qd7 17. c4 dxc4 18. Nxc4 Rfd8 19. Qb5 b6 20. Rc2 Nb8 21. Qxd7 Rxd7 22. Rbc1 Rdc7 23. Nxb6 Rxc2 24. Nxc8 Rxc1+ 25. Bxc1 Nc6 26. d5 Nb4 27. Nxe7+ Kf8 28. Ba3 Kxe7 29. Bxb4+ Kd7 30. e4 a6 31. f4 f6 32. Kf2 1-0

[Event "Turkish Youth Championships 2023"]
[Site "Samsun"]
[Date "2023.05.22"]
[Round "5.11"]
[White "Demirbas, Emre"]
[Black "Caliskan, Murat Osman"]
[Result "1-0"]
[WhiteElo "2013"]
[BlackElo "1538"]
[Annotator "TA"]
[PlyCount "67"]
[EventDate "2023.05.19"]
[EventType "swiss"]
[EventCountry "TUR"]
[TimeControl "5400+30"]

1. Nf3 d5 2. c4 d4 3. e3 c5 4. exd4 cxd4 5. g3 Nc6 6. d3 {[%emt 0:00:30] A09: Réti Opening: 1 Nf3 d5 2 c4.} Bf5 7. a3 e6 8. b4 {[%emt 0:00:30] White has an edge.} Nf6 9. Bg2 Be7 10. O-O {[%emt 0:00:30] [#]} O-O $146 ({Predecessor:} 10... a6 11. Bb2 Ng4 12. Qe2 Bf6 13. Nfd2 Nge5 14. Ne4 Be7 15. h3 h5 16. f4 Nd7 {1-0 Giovannetti,M (2005)-Cosman,B (1491) CAN-ch Highschool 1977 (3)}) 11. Bb2 (11. b5 $5 Na5 12. Bd2 $11) 11... Bg4 (11... Nd7 $11 {remains equal.}) 12. Nbd2 Ne5 (12... a5 $14) 13. Qb3 Nxf3+ 14. Nxf3 Bxf3 15. Bxf3 Qd7 16. Rfe1 Rac8 17. Rac1 Rfd8 18. Rc2 (18. c5 $16) 18... h6 19. Bc1 Nh7 20. Be4 {[%emt 0:01:30] White is more active.} Ng5 21. Bxg5 Bxg5 {[%emt 0:00:30] Black is weak on the light squares} 22. c5 Rc7 {[%emt 0:02:30] [#] Loses the game.} ({Black should try} 22... Be7 $14) 23. Bxb7 $1 $18 {[%emt 0:02:30][%mdl 576] Decoy} h5 (23... Qb5 24. Be4) 24. h4 Be7 25. Bf3 g6 26. Rec1 {[%emt 0:01:30] Strongly threatening b5.} e5 $2 (26... Rb8 27. c6 Qd8) 27. b5 Qh3 28. Bg2 Qg4 29. b6 axb6 30. cxb6 Rxc2 31. Rxc2 Qd1+ 32. Kh2 {[%emt 0:00:30] Threatens to win with b7.} Bxa3 33. b7 {[%emt 0:00:30][%cal Ob3b6] Threatening mate with Qb6!} Bd6 34. Qb6 {[%emt 0:00:30][%mdl 64] Deflection.   Weighted Error Value: White=0.13 (very precise) /Black=0.62} 1-0

[Event "Turkish Youth Championships 2023"]
[Site "Samsun"]
[Date "2023.05.22"]
[Round "5.12"]
[White "Derbentli, Cemil Furkan"]
[Black "Saka, Omer"]
[Result "0-1"]
[WhiteElo "1486"]
[BlackElo "1843"]
[Annotator "COMBH"]
[PlyCount "120"]
[EventDate "2023.05.19"]
[EventType "swiss"]
[EventCountry "TUR"]
[TimeControl "5400+30"]
[WhiteClock "0:02:39"]

1. e4 c5 2. Nf3 d6 3. Bb5+ Nd7 4. O-O a6 5. Bd3 g6 6. c3 Bg7 7. Bc2 e6 8. d4 Ne7 9. a4 O-O 10. Na3 cxd4 11. cxd4 d5 12. Bd2 dxe4 13. Bxe4 Nf6 14. Bd3 Nc6 15. Bc3 Nd5 16. Nc4 b6 17. Be4 Rb8 18. Bxd5 Qxd5 19. Ne3 Qd8 20. d5 exd5 21. Bxg7 Kxg7 22. Nxd5 Be6 23. Ne3 Qf6 24. Qd6 Rbc8 25. Rac1 Rfd8 26. Qa3 a5 27. Nc4 Bxc4 28. Rxc4 Nb4 29. Rc3 Rxc3 30. bxc3 Rd3 31. Rc1 Nd5 32. Qa2 Rxc3 33. Rd1 Nf4 34. Nd2 Qc6 35. f3 Qc5+ 36. Kh1 Rd3 37. Rg1 Qd5 38. Qxd5 Nxd5 39. Nc4 Rc3 40. Nd6 Ra3 41. h3 Rxa4 42. Rc1 Rb4 43. Rc8 a4 44. Ra8 h5 45. Ne8+ Kh6 46. Kg1 b5 47. Nd6 Rb1+ 48. Kf2 Rb2+ 49. Ke1 Kg5 50. g3 Kf6 51. Ra6 Ke5 52. Kd1 Kd4 53. Nxf7 b4 54. Nd6 Nc3+ 55. Kc1 Rb1+ 56. Kd2 b3 57. Nb5+ Nxb5 58. Rxa4+ Kc5 59. Ra6 Rb2+ 60. Kd3 Rg2 0-1

[Event "Turkish Youth Championships 2023"]
[Site "Samsun"]
[Date "2023.05.22"]
[Round "5.13"]
[White "Hasirci, Ozgur Deniz"]
[Black "Herdem, Talha"]
[Result "1-0"]
[WhiteElo "1763"]
[BlackElo "1417"]
[Annotator "COMBH"]
[PlyCount "104"]
[EventDate "2023.05.19"]
[EventType "swiss"]
[EventCountry "TUR"]
[TimeControl "5400+30"]
[WhiteClock "0:01:37"]

1. e4 c5 2. Nf3 e6 3. g3 Nc6 4. Bg2 Nf6 5. Nc3 d5 6. exd5 exd5 7. d4 cxd4 8. Nxd4 Bg4 9. f3 Bd7 10. Be3 Bb4 11. O-O O-O 12. Nce2 Re8 13. Bf2 Ne5 14. c3 Bd6 15. b3 h5 16. Qd2 Ng6 17. h4 b5 18. Nc2 Qc7 19. Ne3 Rac8 20. Rfd1 Bc5 21. Rac1 Qb6 22. Nd4 Ne5 23. Ndc2 Qb8 24. Re1 Bc6 25. Nd4 Ba8 26. Nec2 a5 27. Nf5 Qb6 28. Bxc5 Qxc5+ 29. Ncd4 Qb6 30. Kh1 b4 31. cxb4 Rxc1 32. Qxc1 Qxb4 33. a3 Qb6 34. Qg5 Ng6 35. Rxe8+ Nxe8 36. Qxh5 Qf6 37. Qg5 Bb7 38. Qe3 Nc7 39. f4 Ne6 40. h5 Ngf8 41. b4 axb4 42. axb4 Nxd4 43. Nxd4 Qb6 44. Qc3 Ba6 45. Bxd5 Qd6 46. Qb3 Qe7 47. Qc3 Qd6 48. Qc5 Qh6 49. Bf3 Nd7 50. Qe7 Nf6 51. Nf5 Qh8 52. Nd6 Kh7 1-0

[Event "Turkish Youth Championships 2023"]
[Site "Samsun"]
[Date "2023.05.22"]
[Round "5.14"]
[White "Simsek, Ayaz"]
[Black "Yildiz, Elif Zeren"]
[Result "1/2-1/2"]
[WhiteElo "1474"]
[BlackElo "1722"]
[Annotator "COMBH"]
[PlyCount "37"]
[EventDate "2023.05.19"]
[EventType "swiss"]
[EventCountry "TUR"]
[TimeControl "5400+30"]
[BlackClock "0:37:00"]

1. e4 g6 2. d4 Bg7 3. Nf3 d6 4. Bd3 Nd7 5. O-O e5 6. dxe5 dxe5 7. Nbd2 Nc5 8. Nc4 Qe7 9. a4 Bg4 10. b3 O-O-O 11. Ba3 f6 12. Qe2 Bf8 13. h3 Bxf3 14. Qxf3 Qg7 15. Qe3 Rd4 16. Bb2 Rd8 17. Ba3 Rd4 18. Bb2 Rd8 19. Ba3 1/2-1/2

[Event "Turkish Youth Championships 2023"]
[Site "Samsun"]
[Date "2023.05.22"]
[Round "5.15"]
[White "Oner, Cinar"]
[Black "Zerey, Demhat"]
[Result "1/2-1/2"]
[WhiteElo "1436"]
[BlackElo "1710"]
[Annotator "COMBH"]
[PlyCount "124"]
[EventDate "2023.05.19"]
[EventType "swiss"]
[EventCountry "TUR"]
[TimeControl "5400+30"]
[WhiteClock "0:05:00"]

1. e4 c5 2. Nf3 d6 3. d4 cxd4 4. Nxd4 Nf6 5. Nc3 g6 6. Be2 Bg7 7. Be3 O-O 8. O-O Nc6 9. Qd2 Nxd4 10. Bxd4 Be6 11. Rad1 Qc8 12. b3 Rd8 13. h3 Qd7 14. Bf3 Ne8 15. Ne2 b5 16. Qa5 Qc7 17. Qxb5 Qxc2 18. Qa4 Qc7 19. Rc1 Qb7 20. Bxg7 Nxg7 21. Nd4 Bd7 22. Qc4 e5 23. Nc6 Re8 24. Na5 Qb6 25. Qc7 Bb5 26. Rfd1 Qxc7 27. Rxc7 Ne6 28. Rb7 Ba6 29. Rd7 Nd4 30. Rxd6 Rad8 31. Rd5 Rc8 32. Rd2 Rc1+ 33. Kh2 Re7 34. Rd6 Bb5 35. a4 Bf1 36. Rd1 Rxd1 37. Bxd1 Bd3 38. f4 Bxe4 39. fxe5 Nf5 40. Rd8+ Kg7 41. Nc4 Bc6 42. g4 Nh4 43. Kg3 g5 44. Bc2 Bb7 45. b4 Rc7 46. Bd3 Be4 47. Nd6 Bc6 48. b5 Bd7 49. Kf2 Ng6 50. Bxg6 hxg6 51. Ke3 Kh7 52. Nxf7 Bxg4 53. hxg4 Rxf7 54. e6 Rf1 55. Rd7+ Kh6 56. Ke4 a5 57. e7 Re1+ 58. Kd5 Rxe7 59. Kc6 Re4 60. b6 Rc4+ 61. Kb5 Rb4+ 62. Kxa5 Rb5+ 1/2-1/2

[Event "Turkish Youth Championships 2023"]
[Site "Samsun"]
[Date "2023.05.22"]
[Round "5.16"]
[White "Yontem, Emir Fehim"]
[Black "Binboga, Yaman"]
[Result "0-1"]
[WhiteElo "1391"]
[BlackElo "1653"]
[Annotator "COMBH"]
[PlyCount "76"]
[EventDate "2023.05.19"]
[EventType "swiss"]
[EventCountry "TUR"]
[TimeControl "5400+30"]
[WhiteClock "0:04:17"]

1. d4 Nf6 2. Nf3 g6 3. c4 Bg7 4. Nc3 O-O 5. e4 d6 6. Be3 Nc6 7. d5 Nb8 8. Bd3 a5 9. Qd2 Na6 10. a3 Ng4 11. Bg5 Nc5 12. h3 Ne5 13. Nxe5 Bxe5 14. Bc2 c6 15. Bh6 Re8 16. Rb1 a4 17. Be3 cxd5 18. cxd5 Bd7 19. f4 Bg7 20. O-O b5 21. f5 Qb6 22. Kh1 b4 23. fxg6 hxg6 24. axb4 Qxb4 25. Bh6 Qd4 26. Qf4 Bxh6 27. Qxh6 Qg7 28. Qe3 Reb8 29. Rfe1 Qe5 30. Nd1 Rb4 31. Qa3 Rab8 32. Ne3 Nxe4 33. Bxe4 Rxe4 34. Qd3 Rb3 35. Qxe4 Qxe4 36. Ng4 Rxh3+ 37. Kg1 Qxg4 38. Rxe7 Qd4+ 0-1

[Event "Turkish Youth Championships 2023"]
[Site "Samsun"]
[Date "2023.05.22"]
[Round "5.17"]
[White "Hasirci, Ali Eren"]
[Black "Kaynak, Deniz Can"]
[Result "0-1"]
[WhiteElo "1284"]
[BlackElo "1651"]
[Annotator "COMBH"]
[PlyCount "82"]
[EventDate "2023.05.19"]
[EventType "swiss"]
[EventCountry "TUR"]
[TimeControl "5400+30"]
[WhiteClock "0:28:00"]

1. e4 d6 2. d4 Nf6 3. Nc3 e5 4. dxe5 dxe5 5. Qxd8+ Kxd8 6. Nf3 Bd6 7. Bg5 c6 8. Rd1 Ke7 9. h3 Be6 10. Bd3 h6 11. Bxf6+ gxf6 12. Nh4 Rg8 13. g4 Bb4 14. Nf5+ Bxf5 15. exf5 Bxc3+ 16. bxc3 Nd7 17. Bc4 Nc5 18. Ke2 b5 19. Bb3 a5 20. a3 a4 21. Ba2 Ne4 22. Rd3 Rgd8 23. Rhd1 Rxd3 24. Rxd3 Rd8 25. Rxd8 Kxd8 26. Bxf7 Nxc3+ 27. Kd3 Nb1 28. c4 Nxa3 29. cxb5 Nxb5 30. h4 Ke7 31. Ba2 Kd6 32. Bc4 Kc5 33. Bxb5 cxb5 34. Kc3 a3 35. Kb3 b4 36. f3 Kd5 37. h5 e4 38. fxe4+ Ke5 39. Ka2 Kf4 40. e5 Kxe5 41. g5 fxg5 0-1

[Event "Turkish Youth Championships 2023"]
[Site "Samsun"]
[Date "2023.05.22"]
[Round "5.18"]
[White "Gunasti, Latife Yade"]
[Black "Cicek, Bilal Emre"]
[Result "0-1"]
[WhiteElo "1456"]
[BlackElo "1600"]
[Annotator "COMBH"]
[PlyCount "153"]
[EventDate "2023.05.19"]
[EventType "swiss"]
[EventCountry "TUR"]
[TimeControl "5400+30"]
[BlackClock "0:11:25"]

1. d4 d5 2. c4 e6 3. Nf3 a6 4. a4 dxc4 5. e3 c5 6. Bxc4 cxd4 7. Qxd4 Qxd4 8. Nxd4 e5 9. Nf3 Nc6 10. Nc3 Bg4 11. Ng5 Bh5 12. g4 h6 13. h4 Bg6 14. Nf3 Bb4 15. Bd2 Nge7 16. h5 Bh7 17. Rc1 O-O 18. g5 e4 19. Nh2 Ne5 20. Be2 hxg5 21. Rg1 N7c6 22. Rxg5 Be7 23. Rg2 Nb4 24. Kf1 Ned3 25. Bxd3 Nxd3 26. Nd5 Nxc1 27. Nxe7+ Kh8 28. Bxc1 Rfd8 29. Ke1 Rd7 30. Ng6+ fxg6 31. hxg6 Bg8 32. Bd2 Rad8 33. f4 Bb3 34. Ng4 Kg8 35. a5 Rc7 36. f5 Rc2 37. f6 gxf6 38. Nh6+ Kg7 39. Nf5+ Kf8 40. Rh2 Ke8 41. Rh8+ Kd7 42. Rxd8+ Kxd8 43. Bc3 Rg2 44. Bxf6+ Kd7 45. Bc3 Rxg6 46. Nd4 Bc4 47. Kf2 Kd6 48. Nf5+ Kc5 49. Ng3 Bd5 50. Ne2 Kc4 51. Nf4 Rh6 52. Kg2 Bc6 53. Bd4 Rd6 54. Bc3 Kb3 55. Kf2 Rh6 56. Kg2 Rh7 57. Bd4 Rf7 58. Bc3 Rf5 59. Ne6 Rf7 60. Nf4 Kc2 61. Kf2 Rd7 62. Ne2 Rd3 63. Be5 Rd1 64. Nd4+ Kd3 65. Nxc6 bxc6 66. Bd4 Rd2+ 67. Kg3 Rc2 68. Kf4 c5 69. Be5 Rf2+ 70. Kg4 Kxe3 71. Bd6 Rc2 72. b4 cxb4 73. Bxb4 Kd3 74. Kf5 e3 75. Ke5 e2 76. Kd5 Rd2 77. Ke5 0-1

[Event "Turkish Youth Championships 2023"]
[Site "Samsun"]
[Date "2023.05.22"]
[Round "6.1"]
[White "Isik, Alparslan"]
[Black "Kavri, Yusuf Eren"]
[Result "1-0"]
[WhiteElo "2451"]
[BlackElo "2029"]
[PlyCount "67"]
[EventDate "2023.05.19"]
[EventType "swiss"]
[EventCountry "TUR"]
[TimeControl "5400+30"]

1. d4 d5 2. Nf3 Nf6 3. c4 e6 4. Nc3 Be7 5. Bf4 O-O 6. a3 c6 7. e3 Nbd7 8. Qc2 h6 9. h3 a5 10. Bd3 dxc4 11. Bxc4 Nd5 12. Bg3 b5 13. Bd3 Ba6 14. O-O Nxc3 15. bxc3 c5 16. Rfd1 c4 17. Be2 Rc8 18. e4 Qb6 19. d5 exd5 20. exd5 Bf6 21. Rab1 Rfe8 22. Nd4 Qc5 23. Bg4 Rcd8 24. Nc6 Nb6 25. Nxd8 Rxd8 26. d6 g6 27. d7 h5 28. Bd6 Qg5 29. f4 Qh4 30. Be6 Qg3 31. Bc7 fxe6 32. Bxb6 Kg7 33. Bxa5 Bb7 34. Qf2 1-0

[Event "Turkish Youth Championships 2023"]
[Site "Samsun"]
[Date "2023.05.22"]
[Round "6.2"]
[White "Engin, Onur Cinar"]
[Black "Eroz, Enis"]
[Result "1-0"]
[WhiteElo "1922"]
[BlackElo "1830"]
[Annotator "TA"]
[PlyCount "45"]
[EventDate "2023.05.19"]
[EventType "swiss"]
[EventCountry "TUR"]
[TimeControl "5400+30"]

1. e4 g6 2. d4 Bg7 3. Nc3 d6 4. f4 Nh6 5. Nf3 Bg4 6. Be3 {[%emt 0:02:30] B06: Modern Defence.} Nd7 7. h3 Bxf3 8. Qxf3 {[%emt 0:00:30] White is clearly better.} c5 {[%emt 0:03:30] [#]} 9. O-O-O $146 ({Predecessor:} 9. dxc5 Qa5 10. Bf2 Nxc5 11. Bb5+ Kf8 12. Bxc5 Bxc3+ 13. Qxc3 Qxc3+ 14. bxc3 dxc5 15. O-O-O {1-0 Van de Oudeweetering,A (2325)-Pieterse,G (2385) NED-chT 9495 1994 (3)}) 9... Qa5 (9... O-O $16 {was worth a try.} 10. dxc5 Rc8) 10. g4 $18 O-O-O (10... cxd4 $142 11. Bxd4 Bxd4) 11. g5 Ng8 12. e5 cxd4 $2 {[%emt 0:06:30] [#]} (12... d5 13. Nxd5 Nb8) 13. Bg2 $1 Qa6 (13... Nc5 14. Rxd4) 14. Rxd4 Nc5 {[%emt 0:08:30] [#]} 15. Na4 $1 {[%emt 0:08:30][%mdl 512] Hoping for Nxc5.} Qc6 (15... Ne6 16. Rb4) 16. Qg4+ Qd7 17. Nxc5 {[%emt 0:00:00][%mdl 64] Pin} Qxg4 18. Bxb7+ {[%emt 0:00:00] This pair of bishops is nice.} Kc7 19. hxg4 dxc5 20. Rxd8 Kxd8 21. Bxc5 h6 22. gxh6 g5 23. hxg7 {White took control after the opening. Artfully played by Engin.   Weighted Error Value: White=0.29 (precise) /Black=1.00} 1-0

[Event "Turkish Youth Championships 2023"]
[Site "Samsun"]
[Date "2023.05.22"]
[Round "6.3"]
[White "Temizer, Umut"]
[Black "Akbas, Umut Ata"]
[Result "0-1"]
[WhiteElo "1973"]
[BlackElo "2417"]
[PlyCount "68"]
[EventDate "2023.05.19"]
[EventType "swiss"]
[EventCountry "TUR"]
[TimeControl "5400+30"]

1. e4 e5 2. Nf3 Nc6 3. Bb5 a6 4. Ba4 Nf6 5. Qe2 b5 6. Bb3 Bc5 7. d3 O-O 8. c3 h6 9. h3 d6 10. Nbd2 Ne7 11. d4 exd4 12. cxd4 Bb6 13. O-O Ng6 14. a4 Bb7 15. Re1 Qd7 16. Bc2 Rae8 17. Qf1 c5 18. axb5 axb5 19. b3 Nf4 20. Bb2 Rc8 21. d5 N6h5 22. Nh4 c4 23. Re3 Bxe3 24. fxe3 c3 25. Ba3 Ng3 26. Qf3 cxd2 27. Bd1 Nfh5 28. Bb4 Qe7 29. Ra7 Qxh4 30. Rxb7 Qxe4 31. Bxd2 Qd3 32. Be1 Rc1 33. Bxg3 Qxd1+ 34. Kh2 Qh1# 0-1

[Event "Turkish Youth Championships 2023"]
[Site "Samsun"]
[Date "2023.05.22"]
[Round "6.4"]
[White "Tarlabasi, Emirhan"]
[Black "Kurtyilmaz, Kuzey"]
[Result "1-0"]
[WhiteElo "2300"]
[BlackElo "1608"]
[Annotator "TA"]
[PlyCount "45"]
[EventDate "2023.05.19"]
[EventType "swiss"]
[EventCountry "TUR"]
[TimeControl "5400+30"]

1. d4 d5 2. c4 dxc4 3. e3 Nf6 4. Nf3 e6 5. Bxc4 c5 6. O-O cxd4 7. exd4 Nc6 8. Nc3 Be7 9. Qe2 {[%emt 0:10:30] [#] D26: Queen's Gambit Accepted: 4 e3 e6 5 Bxc5 c5 sidelines.} Na5 $146 ({Predecessor:} 9... O-O 10. Rd1 Nd5 11. Qe4 Nf6 12. Qh4 Nd5 13. Qh3 e5 14. Qg3 Nxc3 15. bxc3 e4 16. Bh6 Bf6 17. Ne5 Ne7 18. Bd2 Nd5 19. Bxd5 Qxd5 {½-½ Korobov,A (2687)-Zubov,A (2597) Netanya op 2019 (9)}) 10. Bd3 b6 (10... O-O $14) 11. Bg5 $16 {[%emt 0:08:30][%cal Od4d5] White is better.} h6 12. Bh4 {[%emt 0:04:30] White is more active.} Bd7 (12... Bb7 $16) 13. Ne5 Nc6 14. Bxf6 Bxf6 {[%emt 0:00:30] Black is weak on the light squares} 15. Nxd7 Qxd7 16. d5 (16. Rad1 $18) 16... Nd4 17. Qe4 $36 {[%emt 0:00:30][%mdl 2048] [#] Hoping for dxe6. White is on the roll.} Rc8 (17... Rd8 $16) 18. Rad1 {[%emt 0:01:30] Strongly threatening Ba6.} Kf8 19. Ba6 Rxc3 (19... Rd8 20. Rxd4 Bxd4) 20. bxc3 $18 {[%emt 0:00:30][%cal Bb2c3,Bc3c4][%mdl 32] White is clearly winning.} exd5 21. Rxd4 Bxd4 22. Qxd4 {[%emt 0:00:30] [#] aiming for Re1.} Qc6 23. c4 {Weighted Error Value: White=0.09 (flawless) /Black=0.74} 1-0

[Event "Turkish Youth Championships 2023"]
[Site "Samsun"]
[Date "2023.05.22"]
[Round "6.5"]
[White "Atis, Hasan"]
[Black "Cilek, Bora"]
[Result "0-1"]
[WhiteElo "1890"]
[BlackElo "2285"]
[Annotator "TA"]
[PlyCount "90"]
[EventDate "2023.05.19"]
[EventType "swiss"]
[EventCountry "TUR"]
[TimeControl "5400+30"]

1. e4 e6 2. d4 d5 3. Nd2 dxe4 4. Nxe4 Bd7 5. Nf3 Bc6 6. Bd3 Nd7 7. Qe2 Ngf6 8. Ned2 Be7 9. O-O O-O 10. c4 b6 11. b3 Bb7 12. Bb2 {[%emt 0:00:00] C10: French with 3 Nc3: Unusual Black 3rd moves and 3...dxe4.} c5 13. Rad1 cxd4 {[%emt 0:04:30] has lost popularity (13...Re8).} 14. Nxd4 {[%emt 0:00:30] [#] The position is equal.} Nc5 $146 {[%emt 0:07:30] Repels Ne4. ...Nxd3 would be deadly.} ({Predecessor:} 14... Re8 15. N2f3 Nf8 16. Bb1 Qc7 17. Nb5 Qc6 18. Qe5 Rec8 19. Qg3 Ng6 20. Ne5 Nxe5 21. Bxe5 {1-0 Mamedov,R (2703)-Demidov,M (2520) EU-ch blitz Skopje 2018 (22)}) 15. Bb1 Qc7 16. Rfe1 Rfe8 17. Nf1 a6 18. Ng3 Rad8 19. Qc2 Ncd7 20. Qc3 Nf8 21. Nf3 b5 22. Ne5 bxc4 23. Nxc4 Ng6 24. Rc1 Rd7 25. Red1 Red8 26. Rxd7 Qxd7 $40 {[%emt 0:00:30][%mdl 128] Black attacks.} 27. Re1 (27. Nb6 $5 Qd6 28. Nc4 $11) 27... Qc7 28. h3 Nf4 29. Ne4 {[%emt 0:00:50] [#] This move loses the game for White.} (29. Qc2 $15) 29... Rd1 $3 $19 {[%emt 0:03:14][%mdl 576] Deflection} 30. Ng3 {[%emt 0:07:31] Against Ne2+} Rxe1+ 31. Qxe1 Nxg2 ({Don't do} 31... Bxg2 32. Be5 Qc6 33. Bxf4 $18) 32. Qa5 Qd7 {[%emt 0:00:30] ( -> ...Qd1+)} 33. Qd2 {[%emt 0:00:30] Prevents Qd1+} Qxd2 34. Nxd2 Nf4 {[%emt 0:00:30] Against Ne2} 35. Kh2 Nd7 36. Nc4 f5 37. Bc1 Ng6 38. f4 (38. Bd3 {was called for.}) 38... Bd8 39. Ne2 Bc7 40. Kg3 (40. Nb2 $142) 40... Nf6 41. Nd4 (41. Kf2 $142) 41... Nh5+ {[%emt 0:00:30] Black is winning.} 42. Kf2 Nhxf4 43. h4 Bd5 (43... Nxh4 $2 {perishes.} 44. Bxf4 Bxf4 45. Nxe6 $19) 44. Ne3 Bb6 ({Not} 44... Nxh4 45. Nxd5 exd5 46. Bxf4 Bxf4 47. Nxf5 Nxf5 48. Bxf5 $17) 45. Bb2 Nxh4 {Weighted Error Value: White=0.26 (precise) /Black=0.08 (flawless)} 0-1

[Event "Turkish Youth Championships 2023"]
[Site "Samsun"]
[Date "2023.05.22"]
[Round "6.7"]
[White "Gungor, Cihan Akif"]
[Black "Isilak, Enes"]
[Result "0-1"]
[WhiteElo "1771"]
[BlackElo "2181"]
[Annotator "TA"]
[PlyCount "100"]
[EventDate "2023.05.19"]
[EventType "swiss"]
[EventCountry "TUR"]
[TimeControl "5400+30"]

1. e4 e6 2. d4 d5 3. e5 c5 4. c3 Nc6 5. Nf3 Qb6 6. Na3 cxd4 7. cxd4 Bd7 8. Nc2 Nb4 {[%emt 0:00:30] C02: French: Advance Variation.} 9. Ne3 Bb5 10. Be2 Qa6 {[%emt 0:02:30] The position is equal.} 11. Bxb5+ Qxb5 12. Qe2 {[%emt 0:03:30] [#]} Qxe2+ $146 ({Predecessor:} 12... a6 13. Qxb5+ axb5 14. Ke2 Nxa2 15. Bd2 Ne7 16. Nc2 Nc6 17. Na3 b4 18. Rxa2 bxa3 19. Rb1 Nd8 {½-½ Volokitin,A (2687)-Meier,G (2655) FRA-chT Top 12 2013 (1.1)}) 13. Kxe2 Nc6 14. Bd2 f6 15. b4 a6 16. Rhb1 Na7 (16... Nge7 $14) 17. a4 $16 b6 18. b5 a5 19. Rc1 Kd7 {[%emt 0:00:30] Prevents Rc7+.} 20. Rc2 Rc8 21. Rxc8 Nxc8 22. Rc1 Nge7 23. Nf1 (23. Ne1 $16) 23... Ng6 $14 24. h4 {[%emt 0:03:30] h5 would be deadly.} h5 25. Kd3 Be7 26. Ng3 fxe5 27. Nxe5+ Nxe5+ 28. dxe5 Bxh4 29. Rh1 Bxg3 30. fxg3 $11 {[%emt 0:00:30][%mdl 4096] Endgame KRB-KRN} Ne7 31. Be3 Rc8 32. Bxb6 Rc4 33. Rh4 ({But not} 33. Bxa5 Rxa4 34. Bc3 Rg4 $15) 33... Ng6 34. Rxh5 Rg4 {[%emt 0:03:23] Prevents Rg5.} 35. Bf2 Ke8 36. Be1 Rxa4 37. b6 Kd7 38. Rg5 (38. b7 $5 Kc7 $8 39. Rg5 $15) 38... Rg4 $1 {[%emt 0:00:00][%mdl 64] [#] Decoy} 39. Rxg4 (39. b7 {with more complications.} Kc7 40. Rxg4 Nxe5+ 41. Ke3) 39... Nxe5+ 40. Kd4 Nxg4 {[%emt 0:00:00] KB-KN} 41. Kc5 (41. Bxa5 $2 {perishes.} Kc6 42. Kc3 Ne5 $19) 41... a4 {[%emt 0:01:01] Strongly threatening ...a3.} 42. Bc3 {[%emt 0:00:00][%cal Oc5b5] [#] Threatens to win with Kb5!} a3 {[%emt 0:01:45] Hoping for ...a2.} 43. Kb5 $1 Nf6 $1 {[%emt 0:00:57] And now ...a2 would win.} (43... Kc8 44. Ka6 a2 45. b7+ Kb8 46. Kb6 a1=B 47. Bxa1 e5 48. Bc3 g6 49. Bb4 Nh6 50. Bd6#) 44. Ka6 $2 (44. Be5 $11 Ke7 45. b7 (45. Kc6 $2 a2 $19)) 44... Kc6 $19 45. b7 Nd7 {[%emt 0:00:05] aiming for ...Kc5.} 46. Bxg7 a2 (46... e5 $142 47. Bxe5 Kc5 48. Ba1 d4 49. b8=B Nxb8+ 50. Ka5 d3 51. Bc3 a2 52. g4 Nc6+ 53. Ka6 d2 54. Bg7 d1=Q 55. Bf8+ Kd5 56. Bg7 Qa4+ 57. Kb7 Qb5+ 58. Kc8 Qb8+ 59. Kd7 Qd8#) 47. Bc3 e5 {[%emt 0:01:02] Black mates.} 48. Ka5 d4 49. Ba1 d3 50. Bc3 d2 {Never resign too early!   Weighted Error Value: White=0.51/Black=0.15 (very precise)} 0-1